cohdb
Replays
Latest Replays
All Replays
Popular Replays
Top Player Replays
Match Explorer
How It Works
Community
CoH3 Stats
Reddit
Sign in to upload your games and track your stats! →
Sign in with Steam
Match 42491929
Unlisted
Match 42491929
Overview
Messages
Build Orders
End
Construct Weapon Support Center
Scout Squad
M1919 Machine Gun Team
M1919 Machine Gun Team
Bazooka Squad
Infantry Support Center
Construct Barracks
M1 Mortar Team
Captain Retinue
M3 Armored Personnel Carrier
Riflemen Squad
Selects Heavy Weapons
Selects M2HB .50cal Heavy Machine Gun
Selects Assault Carriers
Selects Exchangeable Parts
Insomniac
applejuice
-=48th*SmileMan=-
Blacksmith
0
0
Comments
sign in to comment!
No comments posted yet!